[Event "GER-ch Youth-U16 2022"]
[Site "Willingen"]
[Date "2022.06.11"]
[Round "9.4"]
[White "Trushko, Andrii"]
[Black "Sidletskyi, Ivan"]
[Result "1/2-1/2"]
[ECO "E35"]
[WhiteElo "1897"]
[BlackElo "2084"]
[Annotator "TA"]
[PlyCount "147"]
[EventDate "2022.06.05"]
[EventType "swiss"]
[EventRounds "9"]
[EventCountry "GER"]
[SourceTitle "playchess.com"]
[Source "ChessBase"]
[SourceQuality "1"]
[TimeControl "40/4500+30:900+30"]

1. d4 e6 2. c4 Nf6 3. Nc3 Bb4 4. Qc2 d5 5. cxd5 exd5 6. Bg5 h6 7. Bxf6 Qxf6 8. a3 Bxc3+ 9. Qxc3 Nc6 {[%emt 0:07:33] E35: Nimzo-Indian: Classical: 4...d5 5 cxd5 exd5.} 10. e3 Qg6 11. Ne2 O-O {[%emt 0:01:13] White is slightly better.} 12. Nf4 Qd6 {[%emt 0:00:23] [#]} 13. Rc1 $146 ({Predecessor:} 13. Be2 Bf5 14. O-O Ne7 15. b4 a6 16. a4 c6 17. Rfc1 Rfc8 18. Qc5 Qd8 19. Nd3 a5 20. Rab1 {½-½ (20) Markus,R (2336)-Bokros,A (2405) Budapest 1999}) 13... Re8 14. Be2 g5 15. Nd3 Bf5 16. Nc5 (16. h4 $16) 16... Nd8 $1 $14 (16... b6 $2 17. Nb7 Qf6 18. Qxc6 $18) 17. Bd3 Bg4 (17... Bxd3 $14 18. Nxd3 Ne6) 18. h4 $16 b6 (18... Qf6 $142) 19. Nb3 (19. Na6 $142) 19... Ne6 (19... c6 $16) 20. hxg5 $18 h5 21. Qc6 (21. O-O $18) 21... Qd8 (21... Qe7 $16) 22. Kd2 $2 (22. g6 $18) 22... Qxg5 $14 23. Rcg1 h4 $2 (23... Rad8 $14) 24. f3 $1 $18 Bh5 {[%emt 0:04:44] [#]} (24... Nc5 $2 25. dxc5 Qxe3+ 26. Kc2 $18) 25. g4 $2 (25. g3 $1 $18 {[%cal Rg3h4] is the precise move to win.} hxg3 26. Rh3 Nxd4 27. Rhxg3 Nxc6 28. Rxg5+ Bg6 29. Bxg6) 25... Bg6 $16 26. Bxg6 {[%emt 0:00:10] The board is on fire. Active counter play!} fxg6 {[%emt 0:01:26] [#]} 27. f4 $1 Qe7 (27... Nxf4 $2 28. exf4 Qxf4+ 29. Kd1 $18) 28. Nc1 (28. f5 $16 Nf8 29. Qxd5+ Kg7 30. Re1) 28... Rad8 $11 29. g5 Ng7 $1 30. Re1 Rd6 $36 {[%emt 0:00:13][%mdl 2048] White is under pressure.} 31. Qc3 Nf5 32. Qb3 $2 (32. Nd3 $11 {and White is okay.}) 32... c5 $19 {[%emt 0:00:28] aiming for ...c4.} 33. Rh3 $2 (33. Qb5 a6 34. Qxa6) 33... Qe4 34. Ne2 (34. dxc5 $142 bxc5 35. Re2) 34... cxd4 35. exd4 Nxd4 36. Qd3 Nxe2 (36... Qg2 $19 {[%cal Od6e6] has better winning chances. White must now prevent ...Rde6!} 37. Re3 Re4) 37. Qxe4 $17 {[%emt 0:00:30][%mdl 64] Remove Defender} Rxe4 ({Reject} 37... dxe4+ $6 38. Kxe2 Rc8 39. Rxh4 $15) 38. Rxe2 Rxf4 $19 {[%emt 0:00:12][%mdl 4096] Endgame KRR-KRR} 39. Reh2 Rg4 (39... Rd4+ $17 40. Kc3 Rg4 41. Rxh4 Rxg5 42. Rh8+ Kf7 43. R2h7+ Kf6 44. Rf8+ Ke5 45. Re8+ Kf4 46. Rf7+ Kg3) 40. Rxh4 $11 Rxg5 41. Rh8+ Kg7 42. R8h7+ $1 Kf6 43. Rxa7 d4 44. Ra4 (44. a4 $11 {remains equal.}) 44... Rg3 45. Rb4 Ke5 (45... d3 $15) 46. Re2+ $1 Kf4 47. Re8 g5 48. Rb8 Ke4 49. Re8+ {[%emt 0:00:00] The position is equal.} Kd5 50. Rb8 Ke4 51. Re8+ Kf3 {[%emt 0:00:37] And now ...d3 would win.} 52. Rf8+ $1 Kg2 53. Rb8 Rf6 {[%emt 0:05:47] Hoping for ...Rf2+.} 54. Rxd4 g4 55. Rg8 Kf3 56. Rd3+ Kf4 {[%emt 0:00:07] ...Rxd3+ is the strong threat.} 57. Rd4+ Kf5 58. Rb4 Rg2+ 59. Ke1 Rc6 60. Kf1 Rcc2 61. Rb5+ Ke4 62. Re8+ Kd3 63. Rd8+ Ke4 {[%emt 0:00:26] Threatens to win with ...Rcf2+.} 64. Rb4+ Kf5 65. Rb5+ Ke6 66. Rxb6+ Ke7 67. Rh8 Rcf2+ 68. Ke1 {[%emt 0:00:06] Strongly threatening Rh7+.} Kf7 69. Rh7+ Kg8 70. Re7 Rxb2 71. Rxb2 Rxb2 72. Re4 Ra2 73. Rxg4+ Kf7 74. a4 {[%emt 0:00:24] Never resign too early!  Weighted Error Value: White=0.42/Black=0.38} 1/2-1/2

[Event "GER-ch Youth-U16 2022"]
[Site "Willingen"]
[Date "2022.06.11"]
[Round "9.5"]
[White "Foerster-Yialamas, Lucas"]
[Black "Heinrich, John"]
[Result "1-0"]
[ECO "B48"]
[WhiteElo "2117"]
[BlackElo "2011"]
[Annotator "TA"]
[PlyCount "105"]
[EventDate "2022.06.05"]
[EventType "swiss"]
[EventRounds "9"]
[EventCountry "GER"]
[SourceTitle "playchess.com"]
[Source "ChessBase"]
[SourceQuality "1"]
[TimeControl "40/4500+30:900+30"]

1. e4 c5 2. Nf3 e6 3. d4 cxd4 4. Nxd4 Nc6 5. Nc3 Qc7 6. Be3 Nf6 7. f4 {[%emt 0:00:00] B48: Sicilian: Taimanov: 5 Nc3 Qc7 6 Be3 a6 without Be2.} Bb4 8. Ndb5 Qa5 9. e5 {[%emt 0:00:00] White has an edge.} Nd5 10. Bd2 Nxc3 $1 11. Bxc3 O-O 12. Qd2 $1 f6 13. exf6 Rxf6 14. g3 {[%emt 0:02:26] [#]} Rf5 $146 {[%emt 0:13:37] aiming for ...Rd5.} ({Predecessor:} 14... d5 15. Bxb4 Nxb4 16. Nd4 Qb6 17. c3 Nc6 18. O-O-O Bd7 19. Be2 Be8 20. Bg4 Nxd4 21. Qxd4 Qxd4 22. Rxd4 {1-0 (49) Giri,A (2715)-Bauer,C (2639) Leon 2012}) 15. Bxb4 $1 Nxb4 16. c3 Nc6 17. b4 Qb6 18. Nd6 Rd5 19. Nc4 Qd8 (19... Qc7 $1 $14 20. Qc2 a5) 20. Qe3 (20. Bd3 $16) 20... Qf6 (20... b5 $14) 21. Rc1 $1 $16 g5 (21... b5 $16 {was called for.}) 22. Rg1 (22. Bg2 $18 gxf4 23. gxf4) 22... g4 (22... b5 23. Na3 $14) (22... d6 $16) 23. Bd3 $2 (23. Qe2 $18) 23... Rh5 (23... b5 $14 24. Nd2 a5) 24. Qe2 $18 Kh8 25. Rg2 (25. Qxg4 Rxh2 26. Nd6 Ne5 $14) 25... Qg7 26. Nd6 (26. Ne3 $18) 26... Qf8 $16 27. Nb5 {[%emt 0:04:33] 0x0.000860bd7f41dp-1022s more active pieces.} (27. Nxc8 $6 Rxc8 28. Qd1 Qh6 $11) 27... Qg7 28. Nc7 Rb8 29. b5 (29. h3 $16) 29... Ne5 $1 $11 {[%emt 0:00:32][%cal Od7d5] And now ...d5! would win.} 30. Bb1 (30. fxe5 Rxe5 31. Be4 d5 $17) (30. Kf1 $11 Nf3 31. b6 axb6 32. Qe3) 30... d5 31. Kd1 Qxc7 (31... Nc4 $1 $17 32. Nxe6 Bxe6 33. Qxe6 Rh6) 32. fxe5 Qxe5 33. Qxg4 Bd7 34. Re2 Qg5 35. Qd4+ (35. Qxg5 $1 $11 {and White is okay.} Rxg5 36. a4) 35... Kg8 $2 (35... e5 $19 36. Qxa7 Rc8) 36. Rf2 (36. Qxa7 Rf8 37. Rf2 d4 38. Qxd4 (38. Rxf8+ Kxf8 39. Qxd4 Rxh2 $15) 38... Rxf2 39. Qxf2 Bxb5 $15) ({Better is} 36. h4 $14 Qg7 37. Bd3) 36... Bxb5 37. Qxa7 Qe5 38. Kd2 Qg5+ 39. Kc2 {[%emt 0:00:42] Really sharp!} Qd8 40. Re1 Rh6 (40... e5 $14) 41. Qe3 (41. Qd4 $6 Qd6 $14) 41... Rf6 42. Qg5+ Rg6 (42... Kf7 $2 43. Rf4 Qe7 44. Qh5+ Kg7 45. Kb2 $18) 43. Qe5 (43. Qf4 $6 Bd7 $14) 43... Bd7 44. Qf4 ({White should try} 44. Ref1 $1 $18 {Hoping for Rf7.} Rg7 45. Kb2) 44... Rg7 {[%emt 0:00:00] Inhibits Rf7.} 45. Kb2 Qb6+ 46. Ka1 Rc8 47. Ref1 {[%emt 0:00:00][%cal Of4f8] Qf8+! would kill now.} Qc5 {[%emt 0:00:00] Inhibits Qf8+.} 48. Qe5 Re7 {[%emt 0:02:22] [#]} (48... Qxc3+ {leads to mate.} 49. Qxc3 Re8 50. Qf6 Kh8 51. Qh6 Kg8 52. Rf8+ $3 Rxf8 53. Bxh7+ $1 Kh8 54. Rxf8+) 49. Rf3 $40 {[%emt 0:00:00][%mdl 128] Black must now prevent h4. White attacks with force.} Rg7 {[%emt 0:06:26] [#]} (49... b6 $16 {might work better.} 50. h4 d4) 50. h4 $1 $18 Qe7 $2 (50... b6 51. h5 d4) 51. Rf6 {[%emt 0:00:00] White is clearly winning.} Rd8 (51... Ra8 $142 52. h5 h6 53. Rxh6 Qg5 54. Bh7+ Kh8 55. Qxg5 Rxg5) 52. h5 {[%emt 0:00:00] White threatens h6 and mate.} h6 53. Bg6 {[%emt 0:00:00] Weighted Error Value: White=0.29 (precise) /Black=0.42} 1-0

[Event "GER-ch Youth-U16 2022"]
[Site "Willingen"]
[Date "2022.06.11"]
[Round "9.6"]
[White "Hommer, Jeremy"]
[Black "Jaskulski, Jan"]
[Result "1-0"]
[ECO "E06"]
[WhiteElo "2152"]
[BlackElo "1727"]
[Annotator "TA"]
[PlyCount "105"]
[EventDate "2022.06.05"]
[EventType "swiss"]
[EventRounds "9"]
[EventCountry "GER"]
[SourceTitle "playchess.com"]
[Source "ChessBase"]
[SourceQuality "1"]
[TimeControl "40/4500+30:900+30"]

1. d4 d5 2. c4 e6 3. Nf3 Be7 4. g3 Nf6 5. Bg2 O-O 6. O-O dxc4 7. Ne5 Nc6 8. Nxc6 bxc6 9. Na3 Bxa3 10. bxa3 Rb8 {[%emt 0:00:50] E05: Open Catalan: 5 Nf3 Be7.} ({Black should try} 10... Ba6 $11) 11. e3 (11. Qa4 $1 $14) 11... c5 $15 {[%emt 0:09:44] [#]} 12. a4 $146 (12. Qa4 $15) ({Predecessor:} 12. Qa4 Bb7 13. Bxb7 Rxb7 14. Qxc4 cxd4 15. Qxd4 Qb8 16. e4 c5 17. Qxc5 Nxe4 18. Qd4 {½-½ (54) Svenn,G (2385)-Bergstrom,C (2420) Sweden 1996}) 12... cxd4 $17 {[%emt 0:00:41] Black is better.} 13. exd4 Bb7 14. Bxb7 Rxb7 15. Ba3 Re8 {[%emt 0:00:36] And now ...Nd5 would win.} 16. Rc1 Qd5 17. Qe2 Ne4 18. Rxc4 Nd2 19. Rc5 Qxd4 20. Rd1 Rd8 {[%emt 0:00:50][%cal Od2f3] [#] White must now prevent ...Nf3+!} 21. Kg2 {[%emt 0:02:01] Prevents Nf3.} Rb1 (21... Qxa4 $2 22. Rxd2 Rxd2 23. Qxd2 $18) (21... Qd3 $1 $15 {keeps the upper hand.} 22. Qe3 a6) 22. Rcc1 $16 Rbb8 23. Rxc7 {[%emt 0:06:13] Strongly threatening Bc1.} Qxa4 24. Bc1 $1 $36 {[%emt 0:16:30][%mdl 2048] White is pushing.} ({Inferior is} 24. Qh5 g6 25. Qe2 Qa5 $17) 24... Ne4 {[%emt 0:04:41] [#]} (24... Qe4+ $14 25. Qxe4 Nxe4 26. Rxd8+ Rxd8) 25. Rxd8+ $1 $18 Rxd8 26. Rc4 Qa6 (26... Nxg3 $142 27. hxg3 (27. Rxa4 Nxe2 28. Be3 Ra8 $15) (27. fxg3 Qa6 $16) 27... Qa6) 27. Rxe4 Qc6 {[%emt 0:00:32] ...f5 is the strong threat.} 28. Qc4 Qb7 29. f3 Rc8 30. Qf1 Qb1 31. Bf4 Qxa2+ 32. Re2 Rc2 33. Rxc2 Qxc2+ 34. Qf2 Qa4 35. Qb2 {[%emt 0:01:14] Threatening mate with Qb8+.} h5 36. Qb8+ Kh7 37. Qe5 Qc2+ 38. Kh3 Qf5+ $2 {[%emt 0:01:55][%mdl 8192] This costs Black the game.} (38... Qd3 $16 {is more resistant.}) 39. Qxf5+ exf5 {[%emt 0:00:00][%mdl 4096] Endgame KB-KP} 40. Bc7 g5 $2 (40... Kg6 41. Kh4 Kh6 42. Bf4+ Kg6) 41. Kg2 Kg6 42. Kf2 h4 43. gxh4 {[%emt 0:00:00] White mates.} g4 44. f4 f6 45. Kg3 Kh6 46. Ba5 Kh5 47. Be1 Kg6 48. Kf2 Kh5 49. Ke3 a5 50. Kd4 a4 51. Kc3 a3 52. Kb3 a2 53. Kxa2 {[%emt 0:00:00] Weighted Error Value: White=0.12 (very precise) /Black=0.56} 1-0

[Event "GER-ch Youth-U16 2022"]
[Site "Willingen"]
[Date "2022.06.11"]
[Round "9.7"]
[White "Metzdorf, Matteo"]
[Black "Ohler, Julius"]
[Result "1/2-1/2"]
[ECO "B11"]
[WhiteElo "2009"]
[BlackElo "2011"]
[Annotator "TA"]
[PlyCount "38"]
[EventDate "2022.06.05"]
[EventType "swiss"]
[EventRounds "9"]
[EventCountry "GER"]
[SourceTitle "playchess.com"]
[Source "ChessBase"]
[SourceQuality "1"]
[TimeControl "40/4500+30:900+30"]

1. e4 c6 2. Nc3 d5 3. Nf3 Bg4 4. h3 Bxf3 5. Qxf3 e6 6. d4 Nf6 7. Bg5 h6 {[%emt 0:00:00] B11: Caro-Kann: Two Knights Variation.} 8. Bxf6 Qxf6 9. Qxf6 ({Much worse is} 9. exd5 Qxf3 10. gxf3 cxd5 $15) 9... gxf6 {[%emt 0:00:00] [#] The position is equal.} 10. g3 $146 ({Predecessor:} 10. a3 Nd7 11. Be2 O-O-O 12. O-O-O dxe4 13. Nxe4 f5 14. Nc3 Nf6 15. Bf3 h5 16. Kb1 {0-1 (34) Garcia Jimenez,F (2251)-Cruz Lledo,P (2414) Xativa 2016}) 10... Bb4 11. Bg2 Nd7 12. O-O Bxc3 13. bxc3 Nb6 14. Rfe1 O-O-O 15. a4 Nc4 16. Bf1 Nd2 {[%emt 0:00:37] [#] Threatens to win with ...Nf3+.} 17. Bg2 {[%emt 0:00:05] Inhibits Nf3+.} Nc4 18. Bf1 Nd2 (18... Nd6 $5 ) 19. Bg2 {[%emt 0:00:02] Against Nf3+} Nc4 {Weighted Error Value: White=0.03 (flawless) /Black=0.06 (flawless)} 1/2-1/2

[Event "GER-ch Youth-U16 2022"]
[Site "Willingen"]
[Date "2022.06.11"]
[Round "9.8"]
[White "Albert, Markus"]
[Black "Stork, Christopher"]
[Result "1-0"]
[ECO "A00"]
[WhiteElo "2053"]
[BlackElo "1994"]
[Annotator "TA"]
[PlyCount "71"]
[EventDate "2022.06.05"]
[EventType "swiss"]
[EventRounds "9"]
[EventCountry "GER"]
[SourceTitle "playchess.com"]
[Source "ChessBase"]
[SourceQuality "1"]
[TimeControl "40/4500+30:900+30"]

1. g4 e5 2. d4 exd4 3. Bg2 Nc6 {[%emt 0:00:00] [#]} 4. Nf3 $146 ({Predecessor:} 4. Bxc6 Nf6 5. Bf3 Be7 6. Qxd4 O-O 7. Nh3 c6 8. Nf4 d5 9. Be3 Qc7 10. Nd2 Bd6 {1-0 (18) Giblin,M (1447)-De Smet,F (1532) Europe Echecs INT 2021}) 4... d5 5. h3 Bc5 6. O-O {[%emt 0:00:00] A00: Irregular Openings.} Nge7 7. Nbd2 O-O (7... h5 8. g5 Nf5) ({Black should play} 7... Bb6 $17 8. Nb3 h5) 8. Nb3 $15 {[%emt 0:00:00][%csl LRc5,LRd4] Black is slightly better.} Bd6 9. Nbxd4 Nxd4 10. Qxd4 c5 11. Qd3 f5 $1 12. Rd1 Bc7 (12... Kh8 $15) 13. g5 Be6 14. c3 (14. b4 $15) 14... Qd6 15. b4 {[%emt 0:04:21] [#]} c4 (15... cxb4 $6 16. cxb4 Ng6 17. Be3 $11) 16. Qd4 Nc6 (16... f4 17. b5 Nf5) 17. Qc5 {[%emt 0:03:57] [#]} Qxc5 (17... Qd7) (17... Qd7 $1 $17) 18. bxc5 $11 b6 19. Be3 f4 20. Nd4 Nxd4 (20... fxe3 $2 21. Nxe6 exf2+ 22. Kf1 $18) 21. Bxd4 b5 22. a4 Rfb8 {[%emt 0:01:54] Black cannot hold the game after this.} ({Better is} 22... bxa4 $14 23. Rxa4 a5) 23. axb5 $18 Rxb5 24. Ra6 Bf7 25. Rda1 g6 $2 (25... Rd8 {might work better.} 26. Rxa7 Bb8) 26. Bf3 {[%emt 0:01:50] White is clearly winning.} Rb2 27. Kg2 Rd8 28. Rxa7 Bb8 29. Re7 Kf8 30. Bf6 Rc8 31. Ra8 Rxc5 32. Rd7 Rcb5 (32... Rc8 $142 33. Be7+ Kg7) 33. Rd8+ Be8 {[%emt 0:00:07] [#]} 34. Be5 $1 Ke7 35. Raxb8 Rxb8 36. Rxb8 {[%emt 0:00:06] Weighted Error Value: White=0.16 (very precise) /Black=0.50} 1-0

[Event "GER-ch Youth-U16 2022"]
[Site "Willingen"]
[Date "2022.06.11"]
[Round "9.9"]
[White "Chassard, Cedric"]
[Black "Lerchl, Clemens"]
[Result "1/2-1/2"]
[ECO "B51"]
[WhiteElo "2051"]
[BlackElo "1843"]
[Annotator "TA"]
[PlyCount "87"]
[EventDate "2022.06.05"]
[EventType "swiss"]
[EventRounds "9"]
[EventCountry "GER"]
[SourceTitle "playchess.com"]
[Source "ChessBase"]
[SourceQuality "1"]
[TimeControl "40/4500+30:900+30"]

1. e4 c5 2. Nf3 d6 3. Bb5+ Nd7 4. Ba4 Ngf6 5. O-O Nxe4 6. Re1 $1 {[%emt 0:00:00] B51: Sicilian: Moscow Variation (3 Bb5+) without 3...Bd7.} Nef6 7. d4 e6 8. d5 e5 {[%emt 0:00:00] [#]} 9. Nxe5 $1 Be7 {[%emt 0:00:00] [#]} (9... dxe5 $2 10. Rxe5+ Qe7 11. Rxe7+ Bxe7 12. d6 $18) 10. Nc4 $146 {[%emt 0:00:00] Threatens to win with Nxd6+.} ({Predecessor:} 10. Nf3 O-O 11. c4 a6 12. Nc3 b5 13. cxb5 Nb6 14. b3 a5 15. Bg5 h6 16. Bh4 {0-1 (36) Eljanov,P (2672)-Korobov,A (2688) Chess.com INT 2020}) 10... O-O 11. Bf4 $36 {[%emt 0:00:00][%mdl 2048] White is pushing.} Nb6 12. Nxb6 axb6 13. Bb5 Bd7 14. Nc3 Ra5 (14... Ne8 $14) 15. a4 $16 Ne8 {[%emt 0:08:58] [#]} (15... Re8 $16) 16. Bxd7 $1 $18 Qxd7 {[%emt 0:00:09] [#]} 17. Nb5 $1 {[%emt 0:00:56] White is more active.} Nf6 {[%emt 0:21:37] [#]} 18. Rxe7 $1 Qxe7 19. Bxd6 Qe4 20. Bxf8 Kxf8 21. Nc3 Qd4 22. Qxd4 (22. Qf3 $18) 22... cxd4 {[%emt 0:00:06][%mdl 4096] Endgame KRN-KRN} 23. Nb5 Nxd5 24. Nxd4 Rc5 25. Kf1 ({White should play} 25. c3) 25... Nb4 $16 26. c3 Nd3 27. Rb1 Rc4 28. Ke2 Nc5 29. Nf5 g6 30. Ne3 Rxa4 31. Nd5 Re4+ 32. Kf3 Re6 33. Ra1 Rd6 34. Ne3 Kg7 (34... Rd2 $5 ) 35. Rd1 Re6 36. Rd4 h5 37. g3 Kh6 38. h4 Kg7 39. Ke2 Kf6 40. Kf3 Kg7 $1 41. Ng2 {[%emt 0:00:00] White is slightly better.} Nb3 42. Rd5 Nc5 43. Ne3 Kf6 44. Nc4 {[%emt 0:00:00] Black defended with fortune.  Weighted Error Value: White=0.10 (very precise) /Black=0.10 (very precise)} 1/2-1/2

[Event "GER-ch Youth-U16 2022"]
[Site "Willingen"]
[Date "2022.06.11"]
[Round "9.10"]
[White "Bock, Marlon"]
[Black "Kort, Felix"]
[Result "1-0"]
[ECO "A46"]
[WhiteElo "1816"]
[BlackElo "1894"]
[Annotator "NA RC COMBH"]
[PlyCount "85"]
[EventDate "2022.06.05"]
[EventType "swiss"]
[EventRounds "9"]
[EventCountry "GER"]
[SourceTitle "playchess.com"]
[Source "ChessBase"]
[SourceQuality "1"]
[TimeControl "40/4500+30:900+30"]

1. d4 Nf6 2. Nf3 e6 3. e3 b6 4. Bd3 Bb7 5. O-O d5 6. Nbd2 Bd6 7. b3 O-O 8. Bb2 Ne4 9. Qe2 Nd7 10. Ne5 f6 11. Nxd7 Qxd7 12. f4 f5 13. Nf3 Rf6 14. c4 Rh6 15. Rac1 a5 16. a4 Qf7 17. Ne5 $11 Qf6 18. Bxe4 fxe4 19. Ng4 Qh4 20. Nxh6+ Qxh6 21. Qg4 Ba6 22. Rf2 Rf8 23. c5 bxc5 24. dxc5 Be7 25. Bxg7 Qxg7 26. Qxe6+ Kh8 27. Qxa6 Rb8 28. Qxa5 Rxb3 29. Qxc7 Rxe3 30. a5 Ra3 31. a6 e3 32. Re2 Ra1 33. Qb8+ Bf8 34. Qxf8+ Qxf8 35. Rxa1 Qg7 36. Rb1 Qa7 37. Rxe3 Qxc5 38. Rbe1 d4 39. a7 dxe3 40. a8=Q+ Kg7 41. Qe4 e2+ 42. Kh1 Qf2 43. Qxe2 1-0

[Event "GER-ch Youth-U16 2022"]
[Site "Willingen"]
[Date "2022.06.11"]
[Round "9.11"]
[White "Rempe, Jonas"]
[Black "Mimkes, Antal"]
[Result "1-0"]
[ECO "C63"]
[WhiteElo "1856"]
[BlackElo "1696"]
[Annotator "NA RC COMBH"]
[PlyCount "75"]
[EventDate "2022.06.05"]
[EventType "swiss"]
[EventRounds "9"]
[EventCountry "GER"]
[SourceTitle "playchess.com"]
[Source "ChessBase"]
[SourceQuality "1"]
[TimeControl "40/4500+30:900+30"]

1. e4 e5 2. Nf3 Nc6 3. Bb5 f5 4. d3 Nf6 5. Nc3 Bc5 6. O-O O-O 7. exf5 d6 8. Ne4 Bb6 9. Bg5 Kh8 10. Nh4 Nd4 {[%emt 0:07:15] [#]} 11. Bxf6 ({White should try} 11. Nxf6 $1 $16 gxf6 12. Bh6 (12. Qh5 $2 fxg5 13. Ng6+ Kg7 $19)) 11... gxf6 12. Qh5 Nxb5 13. Ng6+ Kg7 14. Nxf8 Qxf8 15. a4 Nd4 16. a5 d5 17. axb6 dxe4 18. dxe4 cxb6 19. Ra3 Bd7 20. Rh3 $18 Qh8 21. c3 Nc6 22. Rd1 Be8 23. Rg3+ Kf8 24. Qh6+ Kf7 25. Rd6 Ne7 26. Re6 Rd8 27. Rg7+ Qxg7 28. Rxe7+ Kxe7 29. Qxg7+ Bf7 30. h3 h5 31. Qh6 Rd3 32. f4 exf4 33. Qxf4 Rd7 34. e5 fxe5 35. Qxe5+ Kd8 36. g4 Rd1+ 37. Kg2 Bd5+ 38. Kg3 1-0

[Event "GER-ch Youth-U16 2022"]
[Site "Willingen"]
[Date "2022.06.11"]
[Round "9.12"]
[White "Gluma, Christian"]
[Black "Ehrig, Leon Chris"]
[Result "1-0"]
[ECO "B28"]
[WhiteElo "2012"]
[BlackElo "1890"]
[Annotator "TA"]
[PlyCount "78"]
[EventDate "2022.06.05"]
[EventType "swiss"]
[EventRounds "9"]
[EventCountry "GER"]
[SourceTitle "playchess.com"]
[Source "ChessBase"]
[SourceQuality "1"]
[TimeControl "40/4500+30:900+30"]

1. e4 c5 2. Nf3 a6 3. c3 e6 4. d4 d5 5. e5 Bd7 6. Be3 {[%emt 0:03:21] B28: Sicilian: 2 Nf3 a6 (O'Kelly Variation).} Qb6 7. Qc2 Nc6 {[%emt 0:00:00] [#]} 8. a3 $146 {[%emt 0:03:52] The position is equal.} ({Predecessor:} 8. Nbd2 Rc8 9. dxc5 Bxc5 10. Bxc5 Qxc5 11. Nb3 Qb6 12. a3 Nge7 13. Bd3 Ng6 14. Bxg6 fxg6 {0-1 (49) Santos,I (1778)-Nogueira,J (1656) Fortaleza 2016}) 8... Rc8 9. dxc5 Bxc5 10. Bxc5 Qxc5 11. Nbd2 (11. Bd3) (11. Bd3 $15) 11... Nge7 (11... f6 $17 12. Nb3 Qb6 13. exf6 Nxf6) 12. Bd3 $11 Ng6 13. Bxg6 hxg6 14. O-O Qb6 15. Rfe1 Qc7 (15... Ne7 {keeps more tension.} 16. a4 Nf5 17. a5 Qd8) 16. Qd3 Na5 17. Qe3 b5 18. Qf4 Nc4 19. Rab1 Rh5 20. Re2 Rf5 21. Qg3 Qd8 22. Nb3 a5 23. Nbd4 Rh5 24. Qf4 Qe7 25. h4 Rb8 26. Nc2 Bc8 27. Ng5 {[%emt 0:02:21] b3 is the strong threat.} Ba6 {[%emt 0:06:03] [#] This costs Black the game.} (27... Rb7 $14) 28. b3 $1 $18 Nb6 (28... Nxa3 {was necessary.} 29. Nxa3 b4) 29. Re3 {[%emt 0:01:24] Strongly threatening Rf3.} Rc8 (29... Nd7 {keeps fighting.} 30. Nd4 Rb6) 30. Nd4 Rc7 31. Qg4 Rh8 $2 (31... Rc8 32. Rf3 Rxg5 33. hxg5 (33. Qxg5 Qxg5 34. hxg5 Nd7 $18) 33... Kd7) 32. Rf3 Rf8 {[%emt 0:02:48] [#]} 33. Ngxe6 $1 fxe6 (33... Bc8 34. Nxc7+) 34. Qxg6+ Rf7 35. Nxe6 Rc6 36. Nxg7+ Kf8 37. Rxf7+ Qxf7 38. Qxc6 Qxg7 39. Qxb6 Bc8 {[%emt 0:00:02] Weighted Error Value: White=0.10 (very precise) /Black=0.62} 1-0

[Event "GER-ch Youth-U16 2022"]
[Site "Willingen"]
[Date "2022.06.11"]
[Round "9.13"]
[White "Beyer, Lorenz"]
[Black "Hecht, Jonas Christian"]
[Result "1/2-1/2"]
[ECO "D02"]
[WhiteElo "1512"]
[BlackElo "1884"]
[Annotator "NA RC COMBH"]
[PlyCount "42"]
[EventDate "2022.06.05"]
[EventType "swiss"]
[EventRounds "9"]
[EventCountry "GER"]
[SourceTitle "playchess.com"]
[Source "ChessBase"]
[SourceQuality "1"]
[TimeControl "40/4500+30:900+30"]

1. d4 Nf6 2. Bf4 d5 3. Nf3 c5 4. e3 Nc6 5. c3 Qb6 6. b3 cxd4 7. cxd4 Bf5 8. a3 e6 9. Be2 Qa5+ 10. Nbd2 Bxa3 11. O-O Qb4 12. Nh4 Qe7 13. Nxf5 exf5 14. Bb5 O-O 15. Bxc6 bxc6 16. Qc2 Bb4 17. Nf3 Qe6 18. Ra6 Rfc8 19. Rc1 Ne4 $11 20. Rxc6 Rxc6 21. Qxc6 Qxc6 1/2-1/2

[Event "GER-ch Youth-U16 2022"]
[Site "Willingen"]
[Date "2022.06.11"]
[Round "9.14"]
[White "Bungarten, Jona"]
[Black "Guo, Philipp Ziming"]
[Result "0-1"]
[ECO "B21"]
[WhiteElo "1843"]
[BlackElo "1825"]
[Annotator "NA RC COMBH"]
[PlyCount "58"]
[EventDate "2022.06.05"]
[EventType "swiss"]
[EventRounds "9"]
[EventCountry "GER"]
[SourceTitle "playchess.com"]
[Source "ChessBase"]
[SourceQuality "1"]
[TimeControl "40/4500+30:900+30"]

1. e4 c5 2. d4 cxd4 3. c3 Nf6 4. e5 Nd5 5. Nf3 Nc6 6. Bc4 Nb6 7. Bb3 d6 8. exd6 Qxd6 9. O-O Be6 10. Na3 dxc3 11. Qe2 Bxb3 12. axb3 a6 13. bxc3 e6 14. Rd1 Qc7 15. Qe4 Rd8 16. Bb2 Be7 17. Nc2 Bf6 18. Ne3 O-O 19. Ng4 Nd5 20. g3 Bxc3 21. Ng5 g6 22. Ba3 Bxa1 23. Rxa1 Rfe8 24. Nh6+ Kg7 25. Ngxf7 Nf6 26. Bb2 e5 27. Qh4 Rd2 28. Nf5+ Kxf7 29. Qh6 Qd7 0-1